 Dungeon Crawl Stone Soup version bcrawl-1.21.3-2-g9d8a61a446 (webtiles) character file.

Game seed: 15218095322149548155

280 Fukker the Chucker (level 6, 0/52 HPs)
             Began as an Avariel Spelunker on Apr 18, 2020.
             Was an Initiate of Vehumet.
             Slain by an orc wizard
             ... wielding a +0 dagger
              (3 damage)
             ... on level 3 of the Dungeon.
             The game lasted 00:08:35 (3613 turns).

Fukker the Chucker (Avariel Spelunker)              Turns: 3613, Time: 00:08:36

Health: 0/52       AC:  3    Str: 15    XL:     6   Next: 27%
Magic:  21/21      EV: 10    Int: 20    God:    Vehumet [......]
Gold:   124        SH:  0    Dex: 12    Spells: 7/10 levels left

rFire    . . .     SeeInvis .   s - -3 whip (curse)
rCold    . . .     Gourm    .   (no shield)
rNeg     . . .     Faith    .   b - +0 leather armour
rPois    .         Spirit   .   (no helmet)
rElec    .         Reflect  .   (no cloak)
rCorr    .         Harm     .   (no gloves)
MR       .....                  (no boots)
Stlth    ..........             r - amulet of rage
HPRegen  0.17/turn              i - ring of magical power
MPRegen  0.17/turn              (no ring)

@: berserking, very quick
A: no striking features
a: Renounce Religion, Evoke Berserk Rage


You were on level 3 of the Dungeon.
You worshipped Vehumet.
Vehumet was noncommittal.
You were not hungry.

You visited 1 branch of the dungeon, and saw 3 of its levels.

You collected 124 gold pieces.

Inventory:

Hand Weapons
 a - a +1 dagger
 s - a cursed -3 whip (weapon)
 u - a +3 spear
 y - a +1 dagger of draining
Missiles
 h - 269 stones (quivered)
 l - 836 arrows
 w - 84 poisoned needles
Armour
 b - a +0 leather armour (worn)
Jewellery
 i - a ring of magical power (left hand)
 r - an amulet of rage (around neck)
 t - an uncursed amulet of magic regeneration
Wands
 c - a wand of digging (10)
Scrolls
 f - a scroll of noise
 g - 3 scrolls of teleportation
 j - 3 scrolls of identify
 k - a scroll of amnesia
Potions
 m - a potion of magic
 n - 3 potions of brilliance {unknown}
 p - 2 potions of lignification {unknown}
 q - a potion of berserk rage {unknown}
 v - a potion of invisibility {unknown}
 x - a potion of resistance {unknown}
 z - a potion of flight {unknown}
 B - 2 potions of heal wounds {unknown}
Miscellaneous
 d - a lamp of fire
Comestibles
 e - 6 rations {!d}
 o - a chunk of flesh


   Skills:
 - Level 2.1 Fighting
 - Level 3.0 Short Blades
 + Level 1.3 Maces & Flails
 * Level 4.8 Throwing
 - Level 3.4 Stealth
 - Level 2.7 Spellcasting
 - Level 2.4 Hexes
 - Level 1.8 Transmutations
 - Level 1.4 Earth Magic
 - Level 2.3 Evocations


You had 7 spell levels left.
You knew the following spells:

 Your Spells              Type           Power        Failure   Level  Hunger
a - Corona                Hex            ##.....      6%          1    None
b - Passwall              Tmut/Erth      #.......     14%         2    ##.....
Your spell library was empty.

Dungeon Overview and Level Annotations

Branches:
Dungeon (3/12)

Altars:
Elyvilon
Vehumet


Message History

The orc wizard is lightly wounded.
The orc priest closely misses you. The orc wizard misses you.
You see here a frilled lizard skeleton.
You barely miss the orc priest. You hit the orc priest.
The orc priest is moderately wounded.
The orc wizard looks satisfied for a moment.
The orc priest invokes the aid of Beogh against you.
Beogh smites you!
* * * LOW HITPOINT WARNING * * *
You closely miss the orc priest.
The orc priest is moderately wounded.
The orc wizard hits you but does no damage.
You barely miss the orc priest.
The orc priest is moderately wounded.
The orc priest barely misses you.
You hit the orc priest.
The orc priest is heavily wounded.
The orc wizard hits you with a +0 dagger.
You die...

.... .o... #.####
.... #..... ...
###### ###.#
#########.. #...#
#.[.....#.# #.###
#.<.))..#.# #o#
#.......#.#
####@####
#.......)).
#...o...#
#........#.
#.##รท##.#
#.......###
#.##..#.#
#........#.
#.###.#.#
#########.#
#.###.#.# ###
#.......#
#####.#########
#.........#######


You could see an orc priest and an orc wizard.

Vanquished Creatures
  A centaur (D:3)
  2 howler monkeys
  A gnoll (D:3)
  3 adders (D:3)
  An ooze (D:1)
  5 worms
  4 dart slugs
  2 leopard geckos
  4 orcs (D:3)
  3 bats (D:1)
  A giant cockroach (D:1)
  5 goblins (D:1)
  9 hobgoblins
  5 jackals
  A quokka (D:3)
  A ball python (D:2)
  2 frilled lizards
  9 kobolds
  4 rats
63 creatures vanquished.

Vanquished Creatures (others)
  A frilled lizard (D:1)
1 creature vanquished.

Grand Total: 64 creatures vanquished

Notes
Turn   | Place    | Note
-------+----------+-------------------------------------------
     0 | D:1      | Fukker the Avariel Spelunker began the quest for the Orb.
     0 | D:1      | Reached XP level 1. HP: 12/12 MP: 6/6
   277 | D:1      | Reached XP level 2. HP: 17/17 MP: 7/7
   668 | D:1      | Reached XP level 3. HP: 10/21 MP: 9/9
   982 | D:1      | Reached skill level 1 in Throwing
  1552 | D:2      | Found a radiant altar of Vehumet.
  1552 | D:2      | Found a white marble altar of Elyvilon.
  1618 | D:2      | Became a worshipper of Vehumet
  1876 | D:2      | Reached skill level 2 in Throwing
  1922 | D:2      | Reached XP level 4. HP: 9/26 MP: 10/10
  2699 | D:3      | Reached skill level 3 in Throwing
  2907 | D:3      | Reached XP level 5. HP: 30/30 MP: 11/11
  2916 | D:3      | Noticed a centaur
  2928 | D:3      | Killed a centaur
  2928 | D:3      | Reached skill level 1 in Maces & Flails
  2928 | D:3      | Reached skill level 4 in Throwing
  2928 | D:3      | Reached XP level 6. HP: 35/35 MP: 12/12
  3613 | D:3      | Slain by an orc wizard

Skill      XL: |  1  2  3  4  5 |
---------------+----------------+-----
Fighting       | 2 |  2.1
Short Blades   | 3 |  3.0
Throwing       | 2 3 4 |  4.8
Maces & Flails | 1 |  1.3
Stealth        | |  3.4
Spellcasting   | |  2.7
Hexes          | |  2.4
Transmutations | |  1.8
Earth Magic    | |  1.4
Evocations     | |  2.3

Action                   |  1- 3 |  4- 6 || total
-------------------------+-------+-------++-------
Melee: Dagger            |    49 |       ||    49
       Whip              |    26 |   106 ||   132
Throw: Tomahawk          |    45 |    27 ||    72
 Cast: Corona            |    10 |    18 ||    28
 Abil: Evoke Berserk Rag |       |     2 ||     2
Evoke: Lamp of fire      |       |     1 ||     1
  Use: Scroll            |     3 |       ||     3
 Stab: Sleeping          |     4 |       ||     4
  Eat: Chunk             |     3 |     7 ||    10
Armor: Leather armour    |    13 |    26 ||    39
Dodge: Dodged            |    35 |    64 ||    99
